 Dungeon Crawl Stone Soup version 0.29-a0-322-g68df515428 (webtiles) character file.

Game seed: 3595583117162863475

70051 sokol815 the Warmonger (level 15, -8/83 (89) HPs)
             Began as a Gargoyle Gladiator on Apr 5, 2022.
             Was a High Priest of Okawaru.
             Mangled by an orc warrior
             ... wielding a +0 hand axe
             ... led by an orc warlord
              (10 damage)
             ... while paralysed by an orc sorcerer
             ... on level 1 of the Orcish Mines on Apr 6, 2022.
             The game lasted 01:00:02 (21164 turns).

sokol815 the Warmonger (Gargoyle Gladiator)        Turns: 21164, Time: 01:00:03

HP:   -8/83 (89)    AC: 30    Str: 19    XL:     15   Next: 32%
MP:   19/25         EV:  2    Int: 15    God:    Okawaru [*****.]
Gold: 3113          SH:  0    Dex: 17    Spells: 13/19 levels left

rFire   . . .      SeeInvis .   a - +2 lajatang (speed)
rCold   + . .      Faith    .   (shield currently unavailable)
rNeg    + . .      Spirit   .   S - +4 troll leather armour {Snorg}
rPois   ∞          Reflect  .   Z - +2 helmet
rElec   +          Harm     .   m - scarf {+Inv}
rCorr   .          Rampage  .   r - +3 pair of gauntlets of War {Slay+5}
Will    +....                   x - +0 pair of boots
Stlth   +.........              O - amulet of the acrobat
HPRegen 1.03/turn               C - ring of protection from cold {rC+, !d}
MPRegen 0.19/turn               g - +6 ring of dexterity

@: confused, paralysed, heroic, finesse-ful, flying, very slightly contaminated,
drained, invisible
A: sickness immunity, AC +11, big wings, negative energy resistance 1,
electricity resistance, torment resistance 1, petrification resistance, no
potion heal 1
a: Renounce Religion, Evoke Invisibility, Heroism, Finesse, Duel


You were on level 1 of the Orcish Mines.
You worshipped Okawaru.
Okawaru was extremely pleased with you.
You visited 3 branches of the dungeon, and saw 20 of its levels.

You collected 3581 gold pieces.
You spent 468 gold pieces at shops.

Inventory:

Hand Weapons
 a - a +2 lajatang of speed (weapon)
   (Okawaru gifted it to you on level 1 of the Lair of Beasts)
 b - a +2 quarterstaff of freezing
 F - a +1 dagger of freezing
   (You took it off an orc wizard on level 9 of the Dungeon)
 Q - a +1 hand axe of flaming
   (You found it on level 4 of the Lair of Beasts)
Missiles
 c - 4 curare-tipped darts
 e - 7 throwing nets {!d}
 j - 4 silver boomerangs
 k - 3 datura-tipped darts
 o - 33 poisoned darts
 t - 6 boomerangs
 u - 8 javelins
 w - 10 atropa-tipped darts
Armour
 m - a scarf of invisibility (worn)
   (You found it on level 4 of the Dungeon)
 r - the +3 pair of gauntlets of War (worn) {Slay+5}
   (Okawaru gifted it to you on level 11 of the Dungeon)

   Slay:      It affects your accuracy & damage with ranged weapons and melee
   (+5).
 s - the +8 crystal plate armour of the Armoured One {Will++ Str-5 Dex+3 SInv}
   (Okawaru gifted it to you on level 6 of the Lair of Beasts)

   Str:       It affects your strength (-5).
   Dex:       It affects your dexterity (+3).
   SInv:      It lets you see invisible.
   Will:      It greatly increases your willpower.
 x - a +0 pair of boots (worn)
   (You found it on level 11 of the Dungeon)
 z - the +4 Cigotuvi's embrace {rMiasma Drain rN+}
   (You found it on level 11 of the Dungeon)

   It gathers nearby corpses to temporarily increase the armour it provides.
   It protects you from foul pestilence.
   rN:        It protects you from negative energy.
   Drain:     It drains your maximum health when unequipped.
 A - the +1 plate armour "Riass" {+Inv rF+ Int+6}
   (Okawaru gifted it to you on level 4 of the Lair of Beasts)

   Int:       It affects your intelligence (+6).
   rF:        It protects you from fire.
   +Inv:      It lets you turn invisible.
 S - a +4 troll leather armour (worn) {Snorg}
   (You found it on level 10 of the Dungeon)
 Z - a +2 helmet (worn)
   (You found it on level 10 of the Dungeon)
Jewellery
 g - a +6 ring of dexterity (right hand)
   (You bought it in a shop on level 5 of the Dungeon)
 C - a ring of protection from cold (left hand) {rC+, !d}
   (You found it on level 10 of the Dungeon)
 L - a ring of magical power {MP+9}
   (You found it on level 12 of the Dungeon)
 O - an amulet of the acrobat (around neck)
   (You found it on level 13 of the Dungeon)
Wands
 d - a wand of digging (7)
   (You found it on level 6 of the Lair of Beasts)
 h - a wand of acid (12)
   (You found it on level 8 of the Dungeon)
 i - a wand of iceblast (20)
   (You found it on level 4 of the Dungeon)
 q - a wand of flame (51)
   (You took it off Natasha on level 3 of the Dungeon)
Scrolls
 n - 11 scrolls of identify {@r1}
 y - a scroll of amnesia
 D - 2 scrolls of blinking {!r}
 E - 2 scrolls of fear
 K - 2 scrolls of immolation {!r}
 V - 4 scrolls of vulnerability {!r!r}
 W - 2 scrolls of holy word {!r}
 X - 3 scrolls of magic mapping {@r4!r}
 Y - 6 scrolls of teleportation {@r3}
Potions
 f - 7 potions of attraction {!q}
 p - 3 potions of cancellation
 B - 5 potions of brilliance
 G - 2 potions of ambrosia {!q}
 H - 5 potions of haste
 I - 2 potions of invisibility
 J - 10 potions of curing {@q1}
 M - 6 potions of might
 N - 4 potions of heal wounds {@q2}
 P - 6 potions of lignification {!q}
 R - a potion of resistance
 T - 3 potions of berserk rage {!q}
 U - 2 potions of mutation {!q}
Miscellaneous
 l - a condenser vane
   (You found it on level 11 of the Dungeon)
 v - a lightning rod (2/4)
   (You found it on level 7 of the Dungeon)


   Skills:
 + Level 8.4(13.4) Fighting
 + Level 12.2(17.2) Staves
 - Level 1.7(6.7) Throwing
 - Level 6.0(11.0) Armour
 - Level 2.4(7.4) Dodging
 * Level 2.5 Spellcasting
 - Level 10.0 Conjurations
 * Level 9.4 Fire Magic
 * Level 14.0 Invocations
 - Level 12.0 Evocations


You had 13 spell levels left.
You knew the following spells:

 Your Spells              Type           Power      Damage    Failure   Level
a - Starburst             Conj/Fire      15%        6d6       54%         6

Your spell library contained the following spells:

 Spells                   Type           Power      Damage    Failure   Level
 Foxfire                  Conj/Fire      100%       2x1d9     1%          1
 Magic Dart               Conj           100%       1d8       1%          1
 Scorch                   Fire           60%        2d8       1%          2
 Searing Ray              Conj           62%        2d6       1%          2
 Conjure Flame            Conj/Fire      31%        6-21      1%          3
 Flame Wave               Conj/Fire      31%        2d8       4%          4
 Sticky Flame             Conj/Fire      31%        2d5       4%          4
 Dazzling Flash           Conj/Hex       32%        N/A       9%          3
 Inner Flame              Hex/Fire       16%        N/A       10%         3
 Ignite Poison            Fire/Tmut/Pois 11%        N/A       19%         3
 Mephitic Cloud           Conj/Pois/Air  11%        N/A       19%         3
 Apportation              Tloc           2%         N/A       24%         1
 Pain                     Necr           4%         1d4       24%         1
 Fulminant Prism          Conj/Hex       8%         3d7       30%         4
 Iskenderun's Mystic Bla  Conj/Tloc      16%        2d5       30%         4
 Vampiric Draining        Necr           1%         2d6       56%         3
 Freezing Cloud           Conj/Ice/Air   5%         6-21      86%         5
 Borgnjor's Vile Clutch   Necr/Erth      0%         N/A       100%        5
 Polar Vortex             Ice            0%         N/A       100%        9
 Animate Skeleton         Necr           Unusable   N/A       N/A         1
 Summon Small Mammal      Summ           Unusable   N/A       N/A         1
 Call Imp                 Summ           Unusable   N/A       N/A         2
 Animate Dead             Necr           Unusable   N/A       N/A         4
 Death Channel            Necr           Unusable   N/A       N/A         6
 Simulacrum               Ice/Necr       Unusable   N/A       N/A         6
 Summon Cactus Giant      Summ           Unusable   N/A       N/A         6

Dungeon Overview and Level Annotations

Branches:
Dungeon (13/15)            Temple (0/1) D:5            Lair (6/6) D:11
  Swamp (0/4) Lair:4        Snake (0/4) Lair:3        Slime (0/5) Lair:5
    Orc (1/2) D:10         Vaults (0/5) D:13

Altars:
Ashenzari
Cheibriados
Fedhas
Hepliaklqana
Okawaru
Qazlal
Uskayaw
Vehumet
Zin
The Shining One
Jiyva

Shops:
D:1 !   D:5 ((*(!

Portals:
Trove: D:12 (give 2 scrolls of acquirement)

Annotations:
D:3 4 runed translucent doors, Crazy Yiuf; Grognak's ghost, amateur OpWz; Sigmund
D:10 Erolcha
Lair:4 1 runed translucent door, Dobruq's ghost, journeyman OgTm


Innate Abilities, Weirdness & Mutations

You are immune to sickness and miasma.
Your stone body is resilient. (AC +11)
You are immune to poison.
Your large and strong wings let you fly.
You resist negative energy. (rN+)
You are resistant to electric shocks. (rElec)
You are resistant to unholy torment.
You are immune to petrification.
Potions are less effective at restoring your health.


Message History

You start resting.
You feel like a meek peon again.
You regained 4 hp, and now have 60/88 hp.
You start resting.
Health restored: 88
There is a staircase to the Orcish Mines here.
You gain the combat prowess of a mighty hero.
You now have 23/25 mp.
You can now deal lightning-fast blows.
You now have 18/25 mp.
You feel drained.
You fade into invisibility!
You are very lightly contaminated with residual magic.
You take 8 damage, and have 80/80 hp.
You now have 16/25 mp.
You fly downwards.
Welcome back to the Orcish Mines!
The orc warrior completely misses you. The ogre barely misses you.
There is a staircase back to the Dungeon, spattered with blood here.
Items here: ))))))) [[[[.
The orc shouts!
You slice the orc warlord!! The orc warrior misses you.
The orc warrior closely misses you. The orc warrior barely misses you.
The orc warlord roars a battlecry!
The orcs go into a battle-frenzy!
You hit the orc warlord. You hit the orc warlord. The ogre closely misses you.
You catch the helpless orc warlord completely off-guard!
You slash the orc warlord!
You catch the helpless orc warlord completely off-guard!
You slash the orc warlord!
The orc warrior hits you with a +0 hand axe!
The orc hits you but does no damage.
The orc warrior hits you but does no damage.
The orc warrior barely misses you.
The orc warlord hits you but does no damage.
You take 13 damage, and have 67/80 hp.
You catch the helpless orc warlord completely off-guard!
You slice the orc warlord!! You slash the orc warlord!
You hit the orc warlord but do no damage.
You slash the orc warlord!
You kill the orc warlord!
Okawaru accepts your kill.
You strike the helpless ogre from behind!
You slice the ogre!! The ogre closely misses you.
The orc warrior hits you but does no damage. x2
The orc closely misses you. The orc warrior misses you.
You catch the helpless ogre completely off-guard!
You slice the ogre!!
You kill the ogre!
Okawaru accepts your kill.
You strike the helpless orc warrior from behind!
You hit the orc warrior but do no damage.
You strike the helpless orc warrior from behind!
You slice the orc warrior!! You closely miss the orc warrior.
The orc warrior completely misses you.
The orc warrior throws a boomerang.
The boomerang misses the orc sorcerer.
The boomerang hits the orc!
The orc dies!
You hit the orc warrior. You hit the orc warrior.
You kill the orc warrior!
Okawaru accepts your kill.
You slice the orc warrior!!
You kill the orc warrior!
Okawaru accepts your kill.
You slash the orc warrior! You slash the orc warrior!
The orc wizard misses you.
The orc sorcerer gestures at you while chanting.
You suddenly lose the ability to move!
The orc warrior hits you but does no damage.
The orc wizard points at you and mumbles some strange words.
The magic dart hits you but does no damage.
The orc warrior hits you with a +0 mace of protection!
The orc wizard hits you with a +0 dagger.
The orc sorcerer hits you but does no damage.
The orc warrior hits you with a +0 hand axe.
The orc warrior hits you with a +0 mace of protection.
The orc wizard hits you but does no damage.
The orc hits you but does no damage.
The orc warrior hits you with a +0 hand axe!
The orc wizard hits you but does no damage.
The orc warrior hits you but does no damage.
The orc warrior hits you from afar with a +0 trident!
The orc hits you but does no damage.
The orc warrior hits you but does no damage.
The orc warrior hits you with a +0 mace of protection.
The orc wizard hits you but does no damage.
The orc warrior hits you from afar with a +0 trident!
* * * LOW HITPOINT WARNING * * *
The orc wizard gestures at you while chanting.
You are confused.
The orc warrior hits you with a +0 mace of protection.
* * * LOW HITPOINT WARNING * * *
The orc hits you with a +2 dagger of venom!
* * * LOW HITPOINT WARNING * * *
The orc warrior hits you but does no damage.
The orc wizard hits you but does no damage.
The orc wizard completely misses you. The orc hits you but does no damage.
The orc warrior hits you with a +0 hand axe!
You die...

..## #.#.. ......
......### #####
.###.#....###...###
..#.....$.o#o..)..##
.......$..o@o[..)).#
.........oooo$.##.##
...#....ooo#..#####
#.......o.o.#
###..$.....#.##
............##
...........##
..#.#....#.#
..o.........


You could see an orc sorcerer (strong), 4 orc warriors, an orc priest (strong,
can't see you), 3 orc wizards and 4 orcs.

Vanquished Creatures
  Gastronok (Lair:2)
  An orc warlord (Orc:1)
  2 dire elephants (Lair:6)
  Snorg (D:10)
  6 hydras
  4 boulder beetles
  2 catoblepae
  3 tengu warriors (D:13)
  2 death yaks (Lair:6)
  A spectral dire elephant (Lair:6)
  Sonja (D:10)
  A spectral death yak (Lair:6)
  A spectral anaconda (Lair:6)
  A deep troll (D:13)
  An obsidian statue (Lair:6)
  A lindwurm (D:12)
  2 bog bodies (Lair:4)
  Pikel (D:9)
  4 necromancers (Lair:6)
  A wolf spider zombie (D:11)
  A deep elf pyromancer (D:13)
  4 ugly things
  3 cyclopes
  An orc sorcerer (D:12)
  A centaur zombie (D:11)
  3 manticores
  3 black mambas
  29 elephants
  A gargoyle (D:11)
  17 cane toads
  Maggie (D:6)
  A centaur skeleton (D:11)
  Psyche (D:12)
  A torpor snail (Lair:4)
  A dire elephant skeleton (Lair:6)
  An unseen horror (D:11)
  An unseen horror (shapeshifter) (D:13)
  2 freezing wraiths
  5 kobold demonologists
  A rime drake (Lair:5)
  8 komodo dragons
  3 hellwings (D:11)
  4 polar bears
  2 trolls
  2 hornets
  Grinder (D:3)
  2 spectral elephants (Lair:6)
  12 blink frogs
  A meliai zombie (D:11)
  2 shadows
  2 wraiths (D:13)
  6 wyverns
  7 basilisks
  25 yaks
  A hog (D:8)
  2 death yak simulacra (Lair:6)
  A spectral cane toad (Lair:6)
  A warg (Orc:1)
  3 acid dragons
  3 nagas (Lair:3)
  Duvessa (D:4)
  17 water moccasins
  2 black bears
  10 orc warriors
  3 sky beasts
  An elephant zombie (Lair:6)
  An ice beast (D:8)
  A hornet zombie (D:11)
  19 wolves
  3 centaurs
  5 ogres
  An elephant skeleton (Lair:6)
  A phantom (D:5)
  5 kobold brigands
  19 bullfrogs
  3 necrophages
  3 scorpions
  4 cane toad simulacra (Lair:6)
  Dowan (D:4)
  7 wights
  4 killer bees (D:10)
  An elephant simulacrum (Lair:6)
  4 howler monkeys
  An electric eel (Lair:2)
  A jelly (D:5)
  A hound (D:5)
  5 orc priests
  2 gnoll shamans
  Natasha (thrice) (D:3)
  5 iguanas
  16 orc wizards
  8 gnolls
  5 adders
  A white imp (D:8)
  7 dart slugs
  20 orcs
  3 bats
  4 endoplasms
  6 giant cockroaches
  6 hobgoblins
  6 jackals
  17 kobolds
  A quokka (D:3)
  3 ball pythons (D:2)
  4 frilled lizards
  3 goblins
  3 rats
450 creatures vanquished.

Vanquished Creatures (others)
  An orc (Orc:1)
  20 fungi
  47 plants
  11 withered plants (Lair:6)
79 creatures vanquished.

Grand Total: 529 creatures vanquished

Notes
Turn   | Place    | Note
-------+----------+-------------------------------------------
     0 | D:1      | sokol815 the Gargoyle Gladiator began the quest for the
                  | Orb.
     0 | D:1      | Reached XP level 1. HP: 12/12 MP: 1/1
    95 | D:1      | Reached XP level 2. HP: 16/17 MP: 2/2
   419 | D:1      | Reached skill level 4 in Staves
   658 | D:1      | Reached XP level 3. HP: 21/21 MP: 3/3
   675 | D:1      | Found Hoczov's Distillery.
   699 | D:1      | Bought a potion of degeneration for 10 gold pieces
   993 | D:2      | Found a faded altar of an unknown god.
  1006 | D:2      | Prayed at the altar of an unknown god.
  1006 | D:2      | Became a worshipper of Warmaster Okawaru
  1006 | D:2      | Reached * piety under Okawaru
  1212 | D:2      | Found a stormy altar of Qazlal.
  1362 | D:2      | Reached skill level 1 in Invocations
  1362 | D:2      | Reached XP level 4. HP: 24/26 MP: 4/4
  2039 | D:3      | Found a runed translucent gate.
  2040 | D:3      | Found a runed translucent gate.
  2041 | D:3      | Found a runed translucent gate.
  2045 | D:3      | Noticed Grognak's ghost (amateur OpWz)
  2072 | D:3      | Found a runed translucent door.
  2073 | D:3      | Noticed Crazy Yiuf
  2137 | D:3      | You fall into a shaft and drop 1 floor!
  2212 | D:3      | Noticed Grinder
  2231 | D:3      | Killed Grinder
  2231 | D:3      | Reached ** piety under Okawaru
  2232 | D:3      | Reached skill level 5 in Staves
  2232 | D:3      | Reached skill level 4 in Invocations
  2232 | D:3      | Reached XP level 5. HP: 21/30 MP: 8/8
  2232 | D:3      | Reached XP level 6. HP: 24/35 MP: 9/9
  2394 | D:3      | Noticed Natasha
  2399 | D:3      | Killed Natasha
  2401 | D:3      | Noticed Natasha
  2412 | D:3      | Killed Natasha
  2472 | D:3      | Noticed Natasha
  2485 | D:3      | HP: 6/35 [Natasha/magic dart (6)]
  2487 | D:3      | Killed Natasha
  2487 | D:3      | Reached *** piety under Okawaru
  2763 | D:3      | Identified a scroll of acquirement
  2763 | D:3      | Acquired 980 gold pieces
  2767 | D:3      | Noticed Sigmund
  2788 | D:4      | Noticed Duvessa
  2789 | D:4      | Noticed Dowan
  2803 | D:4      | HP: 10/52 [Duvessa/+0 rapier (4)]
  2804 | D:4      | Killed Duvessa
  2805 | D:4      | Reached skill level 5 in Invocations
  2805 | D:4      | Reached XP level 7. HP: 7/40 MP: 11/11
  2807 | D:4      | Killed Dowan
  2834 | D:4      | HP: 5/40 [hobgoblin (4)]
  3258 | D:1      | Bought a potion of haste for 100 gold pieces
  3258 | D:1      | Bought a potion of attraction for 30 gold pieces
  3258 | D:1      | Bought a potion of heal wounds for 50 gold pieces
  3258 | D:1      | Bought a potion of ambrosia for 80 gold pieces
  3560 | D:4      | HP: 14/60 [orc priest/divine providence (16)]
  3890 | D:5      | Entered Level 5 of the Dungeon
  3938 | D:5      | Found Porghetz's Weapon Boutique.
  3947 | D:5      | Reached skill level 6 in Staves
  3947 | D:5      | Reached skill level 6 in Invocations
  3993 | D:5      | Found Huj Hiog's Distillery.
  4001 | D:5      | Bought a potion of curing for 42 gold pieces
  4059 | D:5      | Reached skill level 1 in Evocations
  4264 | D:5      | Found Buleer's Assorted Antiques.
  4274 | D:5      | Reached skill level 2 in Evocations
  4277 | D:5      | Bought a glowing golden ring for 100 gold pieces
  4277 | D:5      | Bought 2 red potions for 36 gold pieces
  4277 | D:5      | Bought a scroll labelled YTHUNA BEAKHOR for 20 gold pieces
  4296 | D:5      | Reached **** piety under Okawaru
  4297 | D:5      | Reached XP level 8. HP: 44/44 MP: 13/13
  4372 | D:5      | HP: 10/44 [something/puff of flame (11)]
  4642 | D:5      | Reached skill level 7 in Invocations
  4697 | D:5      | Reached skill level 3 in Evocations
  4793 | D:5      | Found an iron altar of Okawaru.
  4793 | D:5      | Found a faded altar of an unknown god.
  4930 | D:5      | Found a glowing silver altar of Zin.
  4932 | D:5      | Found a stormy altar of Qazlal.
  4934 | D:5      | Found a snail-covered altar of Cheibriados.
  5039 | D:5      | Learned a level 6 spell: Starburst
  5040 | D:5      | Found Faeppudi's Antique Weapon Emporium.
  5065 | D:5      | Found Pueduik's Antique Weapon Shoppe.
  5426 | D:5      | Found a staircase to the Ecumenical Temple.
  5657 | D:6      | Identified the +1 ring mail "Raihih" {Will- Dex+4}
  5896 | D:6      | Noticed Maggie
  5917 | D:6      | Killed Maggie
  5917 | D:6      | Received a gift from Okawaru
  5918 | D:6      | Reached skill level 7 in Staves
  5918 | D:6      | Reached skill level 8 in Invocations
  5918 | D:6      | Reached skill level 4 in Evocations
  5918 | D:6      | Reached XP level 9. HP: 48/48 MP: 15/15
  6417 | D:6      | Reached skill level 5 in Evocations
  6732 | D:7      | Reached skill level 9 in Invocations
  7227 | D:8      | Noticed Maurice
  7414 | D:7      | Reached skill level 6 in Evocations
  7420 | D:8      | HP: 11/48 [wight/+0 spear (7)]
  7546 | D:8      | Noticed Maurice
  7546 | D:8      | Maurice changed into Maurice the ice beast
  7553 | D:8      | Killed Maurice the ice beast
  7785 | D:8      | Found a hide-covered altar of Uskayaw.
  8227 | D:8      | Found a glowing golden altar of the Shining One.
  8228 | D:8      | Found a hazy altar of Hepliaklqana.
  8369 | D:9      | Noticed a hornet
  8377 | D:9      | Noticed Pikel
  8388 | D:9      | Reached skill level 10 in Invocations
  8388 | D:9      | Reached XP level 10. HP: 41/53 MP: 17/17
  8388 | D:9      | Killed Pikel
  8388 | D:9      | Reached ***** piety under Okawaru
  8389 | D:9      | Reached skill level 8 in Staves
  8389 | D:9      | Reached skill level 7 in Evocations
  8434 | D:9      | Reached skill level 8 in Evocations
  8439 | D:9      | Received a gift from Okawaru
  8621 | D:9      | Reached skill level 9 in Staves
  9054 | D:9      | Found a radiant altar of Vehumet.
  9240 | D:9      | Acquired 1061 gold pieces
  9327 | D:9      | Reached skill level 1 in Armour
  9519 | D:10     | Entered Level 10 of the Dungeon
  9813 | D:10     | Reached skill level 3 in Fighting
  9967 | D:10     | Found a broken altar of Ashenzari.
  9995 | D:10     | Found a staircase to the Orcish Mines.
 10009 | D:10     | Noticed Snorg
 10020 | D:10     | Killed Snorg
 10021 | D:10     | Reached skill level 2 in Armour
 10021 | D:10     | Reached XP level 11. HP: 38/60 MP: 18/18
 10258 | D:10     | Noticed a sixfirhy
 10274 | D:10     | Reached skill level 3 in Armour
 10369 | D:10     | Noticed Erolcha
 10394 | D:10     | Reached skill level 4 in Fighting
 10394 | D:10     | Reached skill level 9 in Evocations
 10472 | D:10     | Noticed Sonja
 10498 | D:10     | Killed Sonja
 10749 | D:11     | Received a gift from Okawaru
 10749 | D:11     | Found the +3 pair of gauntlets of War {Slay+5}
 10852 | D:11     | Noticed a manticore
 10869 | D:11     | Killed a manticore
 10932 | D:11     | Reached skill level 4 in Armour
 10962 | D:11     | Found a staircase to the Lair.
 11248 | D:11     | Reached skill level 5 in Fighting
 11248 | D:11     | Reached skill level 10 in Staves
 11443 | D:11     | Noticed a red ugly thing
 11453 | D:11     | Killed a red ugly thing
 11685 | D:11     | Reached skill level 10 in Evocations
 11727 | D:11     | Reached skill level 5 in Armour
 11768 | D:11     | Found the +4 Cigotuvi's embrace {rMiasma Drain rN+}
 11942 | Lair:1   | Entered Level 1 of the Lair of Beasts
 12022 | Lair:1   | Reached skill level 6 in Fighting
 12022 | Lair:1   | Reached XP level 12. HP: 60/70 MP: 19/19
 12068 | Lair:1   | Reached skill level 1 in Conjurations
 12094 | Lair:1   | Received a gift from Okawaru
 12095 | Lair:1   | Reached skill level 1 in Fire Magic
 12160 | Lair:1   | Identified the +7 chain mail of Recklessness {+Blink Str+3}
 12381 | Lair:1   | Reached skill level 2 in Conjurations
 12748 | Lair:2   | Noticed Gastronok
 12797 | Lair:2   | Reached skill level 2 in Fire Magic
 13096 | Lair:2   | Reached skill level 3 in Conjurations
 13169 | Lair:2   | Killed Gastronok
 13170 | Lair:2   | Reached skill level 6 in Armour
 13170 | Lair:2   | Reached skill level 3 in Fire Magic
 13659 | Lair:3   | Reached skill level 4 in Conjurations
 13679 | Lair:3   | Found a staircase to the Snake Pit.
 13805 | Lair:3   | Noticed a six-headed hydra
 13816 | Lair:3   | Killed a six-headed hydra
 13816 | Lair:3   | Received a gift from Okawaru
 13817 | Lair:3   | Reached skill level 4 in Fire Magic
 13849 | Lair:3   | Reached skill level 11 in Invocations
 14159 | Lair:3   | Reached skill level 5 in Conjurations
 14294 | Lair:3   | Reached skill level 11 in Staves
 14294 | Lair:3   | Reached XP level 13. HP: 58/74 MP: 21/21
 14505 | Lair:3   | Reached skill level 5 in Fire Magic
 14591 | Lair:4   | Reached skill level 11 in Evocations
 14609 | Lair:4   | Identified the +1 plate armour "Riass" {+Inv rF+ Int+6}
                  | (Okawaru gifted it to you on level 4 of the Lair of Beasts)
 14609 | Lair:4   | Received a gift from Okawaru
 14630 | Lair:4   | Reached skill level 6 in Conjurations
 15005 | Lair:4   | Found a runed translucent door.
 15009 | Lair:4   | Noticed Dobruq's ghost (journeyman OgTm)
 15388 | Lair:4   | Found a staircase to the Swamp.
 15413 | Lair:4   | Reached skill level 6 in Fire Magic
 15482 | Lair:4   | Reached skill level 12 in Invocations
 15854 | Lair:5   | Identified the +2 pair of gloves of Xuxuj {Will+ Dex+4}
 16133 | Lair:4   | Reached skill level 7 in Conjurations
 16221 | Lair:5   | Received a gift from Okawaru
 16287 | Lair:5   | Received a gift from Okawaru
 16358 | Lair:5   | Reached skill level 7 in Fire Magic
 16544 | Lair:5   | Found a viscous altar of Jiyva.
 16545 | Lair:5   | Found a staircase to the Slime Pits.
 16840 | Lair:6   | Entered Level 6 of the Lair of Beasts
 16851 | Lair:6   | Gained mutation: Your large and strong wings let you fly.
                  | [Gargoyle growth]
 16851 | Lair:6   | Reached XP level 14. HP: 79/80 MP: 23/23
 16955 | Lair:6   | Reached skill level 8 in Conjurations
 16970 | Lair:6   | Reached skill level 7 in Fighting
 17566 | Lair:6   | Noticed a dire elephant
 17566 | Lair:6   | Noticed a dire elephant
 17621 | Lair:6   | Reached skill level 13 in Invocations
 17764 | Lair:6   | Reached skill level 8 in Fire Magic
 17783 | Lair:6   | Received a gift from Okawaru
 17912 | Lair:6   | Reached skill level 9 in Conjurations
 17923 | Lair:6   | Identified the +3 chain mail of Jemuheh {Int+2 Dex+4}
 17948 | Lair:6   | Identified the +8 crystal plate armour of the Armoured One
                  | {Will++ Str-5 Dex+3 SInv} (Okawaru gifted it to you on
                  | level 6 of the Lair of Beasts)
 17948 | Lair:6   | Received a gift from Okawaru
 17986 | Lair:6   | Gained mutation: Potions are less effective at restoring
                  | your health. [a neqoxec]
 18041 | Lair:6   | Killed a dire elephant
 18058 | Lair:6   | Killed a dire elephant
 18949 | D:12     | Reached skill level 12 in Staves
 19286 | D:12     | Found a portal to a secret trove of treasure.
 19341 | D:12     | Noticed Psyche
 19350 | D:12     | Killed Psyche
 19464 | D:12     | Reached skill level 8 in Fighting
 19807 | D:13     | Reached XP level 15. HP: 72/88 MP: 25/25
 19864 | D:13     | Reached skill level 9 in Fire Magic
 19911 | D:13     | Reached skill level 1 in Spellcasting
 19944 | D:13     | Found a blossoming altar of Fedhas.
 20155 | D:13     | Reached skill level 10 in Conjurations
 20162 | D:13     | HP: 20/88 [tengu warrior/+0 halberd[a tengu warrior] (4)]
 20526 | D:12     | Reached skill level 2 in Spellcasting
 20526 | D:12     | Reached skill level 12 in Evocations
 20773 | D:13     | Reached skill level 14 in Invocations
 20834 | D:13     | Found a gate to the Vaults.
 20997 | Orc:1    | Entered Level 1 of the Orcish Mines
 21088 | Orc:1    | Noticed an orc warlord
 21148 | Orc:1    | Killed an orc warlord
 21158 | Orc:1    | Paralysed by an orc sorcerer for 6 turns
 21162 | Orc:1    | HP: 9/83 [orc warrior/+0 trident[an orc warlord] (17)]
 21163 | Orc:1    | HP: 1/83 [orc/+2 dagger of venom[an orc warlord] (7)]
 21164 | Orc:1    | Mangled by an orc warrior

Illustrated notes

Levels and vault maps discovered:
D:1:      sevenhm_arrival_forest_fort_large_4, layout_basic, serial_shops,
          shop_coins, grunt_decor_junction, hex_medium
D:2:      layout_basic, shapermc_ecumenical_altar_venn, basic_altar
D:3:      layout_basic, gammafunk_ghost_necromancy,
          minmay_misc_feat_secret_circle, uniq_sigmund, uniq_grinder,
          uniq_crazy_yiuf_cottage, uniq_natasha
D:4:      layout_rooms, kennysheep_generic_room_14, uniq_duvessa
D:5:      layout_loops_ring, chequers_temple_overflow_minitemple,
          minmay_temple_entry_fiery, serial_shops,
          nicolae_shop_bloodbath_and_beyond, shop_fountains, shop, shop,
          nicolae_stop_n_shop_2, kennysheep_small_square
D:6:      layout_loops_ring, uniq_maggie
D:7:      layout_rooms, minivault_1
D:8:      layout_cave_pools, gammafunk_temple_overflow_pools,
          mainiacjoe_overflow_catwalk, serial_glass, glass_columns_a,
          glass_columns_b, serial_bayou_pond_a, uniq_maurice
D:9:      layout_loops_cross, general_overflow_altar, uniq_pikel
D:10:     layout_roguey, ashenzari_altar_1, orc_0_dummy, uniq_erolcha,
          uniq_sonja, uniq_snorg
D:11:     layout_loops_ring, erik_lair_dragon, hellmonk_guarded_unrand_cigotuvi
D:12:     cheibrodos_wizards_tower, layout_loops_corners,
          nicolae_trove_entry_columns, onia_ninara_dug_in_and_dangerous,
          uniq_psyche
D:13:     layout_cave_pools, david_vaults_4, fedhas_altar_2
Lair:1:   layout_loops_ring, dreamdust_deal_with_the_devil
Lair:2:   layout_hall_layers, serial_bayou_lagoon_a, uniq_gastronok
Lair:3:   layout_roguey, minmay_snake_entry_guardpost_small,
          beast_lair_carwin_10
Lair:4:   layout_cave_pods, skrybe_swamp_entry_bodies,
          ebering_ghost_reflecting_pool, minivault_11,
          kennysheep_catoblepas_arena
Lair:5:   layout_concentric_octagons, slime_altar_1, beast_lair_carwin_2
Lair:6:   due_jungle_book, layout_cave_pods, grunt_forest_small_clearing_treed,
          lemuel_fruit_fields
Orc:1:    layout_caves

Skill      XL: |  1  2  3  4  5  6  7  8  9 10 11 12 13 14 15 |
---------------+----------------------------------------------+-----
Staves         | 4 5 6 7 9 10 11 12 | 12.2
Invocations    | 1 4 5 6 8 10 11 12 13 14 | 14.0
Evocations     | 2 4 6 8 10 11 12 | 12.0
Armour         | 2 5 6 |  6.0
Fighting       | 3 6 8 |  8.4
Conjurations   | 5 7 9 10 | 10.0
Fire Magic     | 4 7 8 9 |  9.4
Spellcasting   | 2 |  2.5
Throwing       | |  1.7
Dodging        | |  2.4

Action                   |  1- 3 |  4- 6 |  7- 9 | 10-12 | 13-15 || total
-------------------------+-------+-------+-------+-------+-------++-------
Melee: Quarterstaff      |   120 |    61 |   362 |   443 |    46 ||  1032
       Lajatang          |       |       |       |   203 |   997 ||  1200
Throw: Javelin           |     1 |       |       |     4 |       ||     5
Invok: Heroism           |       |       |     7 |    14 |    26 ||    47
       Finesse           |       |       |     3 |     4 |     7 ||    14
 Abil: Evoke Invisibilit |       |       |       |       |     1 ||     1
Evoke: Wand              |       |       |     7 |     6 |       ||    13
       Lightning rod     |       |       |     2 |     2 |     4 ||     8
  Use: Scroll            |       |     8 |    12 |     4 |     4 ||    28
       Potion            |       |     2 |     3 |       |       ||     5
 Stab: Sleeping          |       |       |       |     1 |     1 ||     2
       Petrified         |       |       |       |       |     7 ||     7
       Invisible         |       |       |       |       |     7 ||     7
       Petrifying        |       |       |       |       |     1 ||     1
Armor: Leather armour    |    17 |       |       |       |       ||    17
       Ring mail         |    26 |    25 |     1 |       |       ||    52
       Chain mail        |       |       |   194 |    49 |       ||   243
       Skin              |       |       |    15 |       |     6 ||    21
       Troll leather arm |       |       |       |   298 |   478 ||   776
       Plate armour      |       |       |       |       |    15 ||    15
       Crystal plate arm |       |       |       |       |     3 ||     3
Dodge: Dodged            |    75 |    34 |   135 |   340 |   496 ||  1080

Table legend: (Time is in decaauts)
 A = Elapsed time spent in this place.
 B = Non-inter-level travel time spent in this place.
 C = Inter-level travel time spent in this place.
 D = Time resting spent in this place.
 E = Time spent auto-exploring this place.
 F = Levels seen in this place.
 G = Mean time per level.
                   A        B        C        D        E       F      G
               +--------+--------+--------+--------+--------+-----+--------+
         Total |  20396 |  19245 |   1151 |   3054 |  12458 |  20 | 1019.8 |
       Dungeon |  14161 |  13367 |    794 |   2775 |   8152 |  13 | 1089.3 |
          Lair |   6154 |   5799 |    355 |    279 |   4303 |   6 | 1025.7 |
  Orcish Mines |     79 |     79 |      0 |      0 |      3 |   1 |   79.0 |
               +--------+--------+--------+--------+--------+-----+--------+

Top non-repeatable levels by time:
    D:11: 1462 daAuts
  Lair:6: 1443 daAuts
     D:5: 1441 daAuts
  Lair:4: 1352 daAuts
    D:12: 1346 daAuts
     D:9: 1163 daAuts
     D:4: 1121 daAuts
    D:10: 1072 daAuts
     D:7: 1068 daAuts
     D:3: 1014 daAuts
     D:2: 1011 daAuts
     D:1: 1008 daAuts
  Lair:3: 985 daAuts
     D:6: 913 daAuts
  Lair:1: 840 daAuts

Table legend:
 A = Kills in this place as a percentage of kills in entire the game.
 B = Kills by you in this place as a percentage of kills by you in the entire game.
 C = Kills by friends in this place as a percentage of kills by friends in the entire game.
 D = Other kills in this place as a percentage of other kills in the entire game.
 E = Experience gained in this place as a percentage of experience gained in the entire game.
 F = Experience gained in this place divided by the number of levels of this place that you have seen.
                   A       B       C       D       E      F
               +-------+-------+-------+-------+-------+----------------------
         Total | 100.0 | 100.0 |   N/A |   N/A | 100.0 | 5003.7
       Dungeon |  51.8 |  51.8 |   N/A |   N/A |  36.7 | 2822.2
          Lair |  42.0 |  42.0 |   N/A |   N/A |  60.3 | 10064.3
  Orcish Mines |   6.2 |   6.2 |   N/A |   N/A |   3.0 | 2999.0
               +-------+-------+-------+-------+-------+----------------------
